AoeStats
← 老魔打帝国

Arena

509827010Analyzed
1v1 RM · 2d ago on Sep 28, 2026· 27m 12s· 2 players
Game mode
Random Map
Map size
Tiny (2 player)
Population
200
Speed
Normal
Resources
Standard
Victory
Conquest
Starting age
Dark Age
Ending age
Imperial Age
RankedLock teamsTeams togetherTeam positionsShared explorationLock speedFull tech treeHidden civsTurbo modeCheats
Victory
Defeat
🇨🇳 Turks · China
1149
+15
🇲🇽 Bulgarians · Mexico
1130
-15
MZTK | DeathArt
10:05 Feudal Age
17:49 Castle Age
15:50 Double-Bit Axe
16:13 Loom
16:29 Town Watch
18:03 Fletching
18:32 Bloodlines
25:32 Scale Barding Armor
25:42 Forging
老魔打帝国
4:48 Loom
12:13 Feudal Age
16:08 Castle Age
20:39 Imperial Age
Connection lost

Rejoining the realm…

Still unreachable

The connection could not be restored.

Session expired

The server has moved on; the page needs a fresh start.